Map: Cyber Forest LE

Players

OrangCaramel

  • Race: Protoss Protoss
  • League: Master
  • Spawn Location: 5:00

keelar - Winner!

  • Race: Zerg Zerg
  • League: Master
  • Spawn Location: 11:00

VOD

Have the link to the VOD?

Description

Time

  • Played on: April 27, 2019, 2:12 p.m.
  • Length: 3:30
Show
View Real Time Build Order
Export as new Build Order

OrangCaramel Protoss 

Build Orders: 1 Gate Expand 

Get SALT Encoding   

  12  0:00  Probe  
  13  0:12  Probe  
  14  0:20  Pylon  
  14  0:25  Probe  
  15  0:34  Probe  
  15  0:41  Gateway  
  15  0:42  Probe  
  16  0:48  Assimilator  
  17  0:52  Probe  
  18  1:04  Probe  
  19  1:16  Probe  
  20  1:30  Probe  
  21  1:38  Nexus  
  21  1:42  Probe  
  22  1:49  Cybernetics Core  
  22  1:52  Pylon  
  22  1:54  Probe  
  23  1:58  Assimilator  
  23  2:07  Probe  
  23  2:10  Zealot  
  23  2:15  Probe  
  27  2:25  Probe  
  27  2:27  Adept  
  28  2:34  Gateway  
  28  2:37  Probe  
  28  2:42  Shield Battery  
  31  2:49  Gateway  
  29  2:52  Adept  
Show
View Real Time Build Order
Export as new Build Order

keelar Zerg - Winner!

Build Orders: Hatch First 

Get SALT Encoding   

  12  0:01  Drone  
  13  0:08  Drone  
  14  0:24  Extractor  
  14  0:27  Extractor x2, Drone x2  
  14  0:28  Drone  
  17  0:47  Hatchery  
  16  0:51  Extractor  
  15  1:05  Spawning Pool  
  14  1:13  Extractor, Drone  
  14  1:15  Overlord  
  15  1:35  Overlord  
  15  1:52  Metabolic Boost, Zergling x2  
  15  1:53  Zergling x2  
  17  1:54  Zergling x2  
  17  2:00  Zergling x2  
  19  2:05  Zergling x2  
  20  2:10  Zergling x2  
  21  2:16  Queen  
  21  2:19  Zergling x2  
  25  2:22  Zergling x2  
  25  2:32  Zergling x2  
  26  2:38  Queen  
  26  2:43  Zergling x2  
  28  2:47  Zergling x4  
  29  2:55  Zergling x4  
  31  3:02  Zergling x2  
  31  3:04  Zergling x2  
  32  3:11  Drone  
Tags
 
Add a new tag
Caveats
  • Supply blocks, unpowered buildings, or Contaminate may cause inaccurate times.
  • Supply counts are checked every 10 seconds.